 Dungeon Crawl Stone Soup version 0.19.0-20-gbc5f0c6 (console) character file.

3678 Gottschkopf the Fighter (level 9, 0/97 HPs)
             Began as a Minotaur Fighter on Nov 16, 2016.
             Was an Initiate of Ashenzari.
             Slain by Duvessa
             ... wielding a +7 rapier of flaming
              (2 damage)
             ... on level 7 of the Dungeon.
             The game lasted 00:17:30 (6818 turns).

Gottschkopf the Fighter (Minotaur Fighter)          Turns: 6818, Time: 00:17:31

Health: 0/97       AC: 21    Str: 24    XL:     9   Next: 90%
Magic:  8/8        EV:  5    Int:  7    God:    Ashenzari [......]
Gold:   384        SH:  9    Dex: 10    Spells: 0 memorised, 8 levels left

rFire  . . .     SeeInvis .     O - +2 morningstar (flame)
rCold  . . .     Gourm    .     M - +0 plate armour
rNeg   . . .     Faith    .     c - +0 shield
rPois  .         Spirit   .     (helmet restricted)
rElec  .         Reflect  .     r - +0 cloak
rCorr  .         Harm     .     H - +0 pair of gloves
MR     .....     Rnd*Tele +     (no boots)
Stlth  ..........               (no amulet)
                                (no ring)
                                k - +4 ring of protection

@: no status effects
A: retaliatory headbutt, hooves 1, horns 2, camouflage 1, clever 1, robust 1,
teleportitis 1
a: Curse Item, Renounce Religion


You were on level 7 of the Dungeon.
You worshipped Ashenzari.
Ashenzari was noncommittal.
You were not hungry.

You visited 2 branches of the dungeon, and saw 8 of its levels.
You also visited: Sewer.

You collected 384 gold pieces.

Inventory:

Hand Weapons
 a - a +0 trident
 C - a +0 hand axe of electrocution
 F - a +2 flail of crushing
 I - a +0 blowgun
 O - a +2 morningstar of flaming (weapon)
Missiles
 J - 39 poisoned needles
Armour
 c - a +0 shield (worn)
 r - a +0 cloak (worn)
 H - a +0 pair of gloves (worn)
 M - a +0 plate armour (worn)
Jewellery
 k - a +4 ring of protection (left hand)
 v - an uncursed amulet of the gourmand
Wands
 D - a wand of lightning (4/15)
 E - a wand of acid (10/15)
 G - a wand of flame (43/48)
 P - a wand of enslavement (15/24)
Scrolls
 g - 2 scrolls of magic mapping {unknown}
 h - a scroll of recharging {unknown}
 l - 6 scrolls of identify {unknown}
 n - 3 scrolls of remove curse
 p - a scroll of blinking {unknown}
 u - a scroll of enchant weapon {unknown}
 w - 5 scrolls of teleportation {unknown}
 x - 2 scrolls of random uselessness {unknown}
 y - a scroll of enchant armour {unknown}
 z - a scroll of amnesia {unknown}
Potions
 d - a potion of might
 e - 3 potions of heal wounds {unknown}
 o - a potion of magic {unknown}
 q - 4 potions of curing {unknown}
 s - 2 potions of beneficial mutation {unknown}
 t - a potion of flight {unknown}
 A - a potion of mutation {unknown}
 B - 2 potions of brilliance {unknown}
 K - a potion of agility {unknown}
Books
 L - a book of Debilitation

   Spells                             Type                      Level
   a - Corona                         Hexes                        1
   b - Slow                           Hexes                        2
   c - Gell's Gravitas                Hexes/Translocation          3
   d - Inner Flame                    Hexes/Fire                   3
   e - Cause Fear                     Hexes                        4
   f - Leda's Liquefaction            Hexes/Earth                  4
Comestibles
 b - a slice of pizza
 f - 3 bread rations
 i - 4 meat rations
 j - a royal jelly
 m - 2 beef jerkies
 N - 8 chunks of flesh


   Skills:
 - Level 11.0 Fighting
 - Level 0.2(5.4) Axes
 + Level 8.3 Maces & Flails
 - Level 2.4 Polearms
 - Level 10.9 Armour
 - Level 3.6 Shields


You had 8 spell levels left.
You didn't know any spells.

Dungeon Overview and Level Annotations

Branches:
Dungeon (7/15)             Temple (1/1) D:4

Altars:
Ashenzari
Elyvilon
Fedhas
Kikubaaqudgha
Makhleb
Okawaru
Qazlal
Ru
Sif Muna
Trog
Uskayaw
Vehumet
Xom
Yredelemnul
The Shining One

Shops:
D:7 =

Annotations:
D:7 Duvessa


Innate Abilities, Weirdness & Mutations

You reflexively headbutt those who attack you in melee.
You have a pair of horns on your head.
You have large cloven feet.
Your skin changes colour to match your surroundings (Stealth+).
Your mind is acute. (Int +2)
You are robust. (+10% HP)
You are occasionally teleported next to monsters.


Message History

Duvessa is heavily wounded.
Duvessa hits you with a rapier of flaming!
Duvessa burns you.
Duvessa hits you with a rapier of flaming!!
* * * LOW HITPOINT WARNING * * *
Duvessa burns you.
* * * LOW HITPOINT WARNING * * *
You are too injured to fight recklessly!
You are too injured to fight recklessly!
You puncture Duvessa! You burn Duvessa. Your kick misses Duvessa.
Your headbutt misses Duvessa.
Duvessa is severely wounded.
Duvessa hits you with a rapier of flaming.
* * * LOW HITPOINT WARNING * * *
Duvessa burns you.
* * * LOW HITPOINT WARNING * * *
Duvessa hits you with a rapier of flaming.
* * * LOW HITPOINT WARNING * * *
Duvessa burns you.
You die...

## ##.........# .##
##......###.#
#.###.......# #.#
##.#.##.....# #.#
##.###.....# #.## #
######..### #..#
#####.P≈...# ##.#
##......≈.≈.## #.#
.#.....≈≈≈≈..# #@#
.#<....≈≈≈≈..###e##...
§......≈≈≈≈..)[.......s.
§.......≈...##)#.##..e..
§........#####.#.# ####
.#.......#####.#.#
§##.###(.........#
###.###.######.###
......#.# #.# ##


You could see Duvessa (berserk).

Vanquished Creatures
  A hippogriff (D:4)
  A wyvern (D:6)
  Edmund (D:6)
  An orc warrior (D:6)
  An ice beast (D:5)
  Purgy (Sewer)
  A phantom (D:5)
  2 black bears (D:7)
  2 necrophages (D:7)
  3 ogres
  2 sky beasts
  5 centaurs
  A bullfrog (D:7)
  A gnoll sergeant (D:6)
  A water moccasin skeleton (D:3)
  Dowan (D:7)
  The ghost of Nimsei the Cudgeler, a weakling TrBe of Trog (D:3)
  A scorpion (D:7)
  7 wights (D:7)
  A howler monkey (D:5)
  A crimson imp (D:7)
  A quasit (D:7)
  4 hounds
  Crazy Yiuf (D:2)
  A bullfrog skeleton (D:6)
  5 orc priests
  6 orc wizards
  Natasha (thrice) (D:2)
  3 worker ants
  A hound skeleton (D:6)
  2 mummies (D:7)
  4 gnolls (D:6)
  11 adders
  A howler monkey skeleton (D:4)
  An ooze (D:3)
  An adder zombie (D:7)
  2 adder skeletons (D:4)
  2 worms
  7 leopard geckos
  15 orcs
  4 giant cockroaches
  18 goblins
  8 hobgoblins
  3 jackals (D:1)
  3 quokkas
  10 bats
  7 frilled lizards
  9 kobolds
  8 rats
177 creatures vanquished.

Notes
Turn   | Place    | Note
-------+----------+-------------------------------------------
     0 | D:1      | Gottschkopf the Minotaur Fighter began the quest for the Orb.
     0 | D:1      | Reached XP level 1. HP: 19/19 MP: 0/0
     2 | D:1      | Noticed a vampire
     4 | D:1      | Noticed a tengu
     4 | D:1      | Noticed a gargoyle
     6 | D:1      | Noticed a merfolk
     6 | D:1      | Noticed a demonspawn
     8 | D:1      | Noticed a naga
    10 | D:1      | Noticed an elf
    10 | D:1      | Noticed a minotaur
    12 | D:1      | Noticed a dwarf
    12 | D:1      | Noticed a vine stalker
    14 | D:1      | Noticed an ogre
    14 | D:1      | Noticed a felid
    16 | D:1      | Noticed a ghoul
    18 | D:1      | Noticed a draconian
    18 | D:1      | Noticed a troll
    20 | D:1      | Noticed an octopode
    20 | D:1      | Noticed a formicid
    22 | D:1      | Noticed a demigod
    24 | D:1      | Noticed a halfling
    24 | D:1      | Noticed a human
    26 | D:1      | Noticed a centaur
    26 | D:1      | Noticed a spriggan
    84 | D:1      | Reached skill level 4 in Fighting
    90 | D:1      | Reached XP level 2. HP: 26/27 MP: 1/1
   603 | D:1      | Reached skill level 5 in Fighting
   777 | D:1      | Reached XP level 3. HP: 36/36 MP: 2/2
   913 | D:2      | Noticed Natasha
   925 | D:2      | Killed Natasha
   970 | D:2      | Found a runed door.
   974 | D:2      | Noticed Crazy Yiuf
   979 | D:2      | Killed Crazy Yiuf
   979 | D:2      | Reached skill level 6 in Fighting
   979 | D:2      | Reached XP level 4. HP: 5/44 MP: 3/3
  1434 | D:2      | Found a shimmering altar of Xom.
  1435 | D:2      | Noticed Natasha
  1449 | D:2      | Killed Natasha
  1500 | D:2      | Noticed Natasha
  1551 | D:2      | Reached XP level 5. HP: 50/51 MP: 4/4
  1579 | D:2      | Reached skill level 7 in Fighting
  1747 | D:2      | Killed Natasha
  2403 | D:3      | Noticed Nimsei's ghost (weakling TrBe)
  2416 | D:3      | Killed Nimsei's ghost
  2416 | D:3      | Reached skill level 8 in Fighting
  2416 | D:3      | Reached XP level 6. HP: 52/61 MP: 5/5
  2674 | D:3      | Reached skill level 9 in Fighting
  3088 | D:4      | Noticed a hippogriff
  3098 | D:4      | Killed a hippogriff
  3098 | D:4      | Reached skill level 10 in Fighting
  3098 | D:4      | Reached XP level 7. HP: 43/72 MP: 6/6
  3593 | D:4      | Found a staircase to the Ecumenical Temple.
  3622 | Temple   | Entered the Ecumenical Temple
  3717 | Temple   | Became a worshipper of Ashenzari the Shackled
  4110 | D:5      | Entered Level 5 of the Dungeon
  4243 | D:5      | Reached skill level 11 in Fighting
  4528 | D:5      | Reached skill level 5 in Armour
  4528 | D:5      | Reached XP level 8. HP: 54/82 MP: 7/7
  4968 | D:6      | Found a glowing drain.
  5120 | Sewer    | Entered a sewer
  5123 | Sewer    | Noticed Purgy
  5128 | Sewer    | Killed Purgy
  5681 | D:6      | Reached skill level 10 in Armour
  5681 | D:6      | Reached XP level 9. HP: 52/89 MP: 8/8
  6015 | D:6      | Gained mutation: Your mind is acute. (Int +2) [mutagenic meat]
  6017 | D:6      | Gained mutation: Your skin changes colour to match your surroundings (Stealth+). [mutagenic meat]
  6018 | D:6      | Gained mutation: You have large cloven feet. [mutagenic meat]
  6019 | D:6      | Gained mutation: You are robust. (+10% HP) [mutagenic meat]
  6020 | D:6      | Gained mutation: You are occasionally teleported next to monsters. [mutagenic meat]
  6030 | D:6      | Noticed Edmund
  6038 | D:6      | Killed Edmund
  6138 | D:6      | Reached skill level 1 in Maces & Flails
  6419 | D:7      | Found Kuich's Jewellery Shop.
  6477 | D:7      | Reached skill level 5 in Maces & Flails
  6792 | D:7      | Noticed Dowan
  6807 | D:7      | Killed Dowan
  6814 | D:7      | Noticed Duvessa
  6818 | D:7      | HP: 2/97 [Duvessa/rapier of flaming (6)]
  6818 | D:7      | Slain by Duvessa

Skill      XL: |  1  2  3  4  5  6  7  8  9 |
---------------+----------------------------+-----
Fighting       | 4 5 6 8 10 11 | 11.0
Armour         | 5 10 | 10.9
Maces & Flails | 8 |  8.3
Axes           | |  0.2
Polearms       | |  2.4
Shields        | |  3.6

Action                   |  1- 3 |  4- 6 |  7- 9 || total
-------------------------+-------+-------+-------++-------
Melee: Trident           |    96 |   171 |    43 ||   310
       Headbutt          |     8 |    31 |    57 ||    96
       Hand axe          |       |       |   143 ||   143
       Flail             |       |       |    93 ||    93
       Kick              |       |       |    40 ||    40
       Morningstar       |       |       |    27 ||    27
  Eat: Chunk             |       |     7 |    14 ||    21
       Meat ration       |       |       |     1 ||     1
Armor: Scale mail        |    29 |    53 |    63 ||   145
       Plate armour      |       |       |    77 ||    77
Dodge: Dodged            |    21 |    45 |    82 ||   148
Block: Shield            |    33 |    70 |   122 ||   225
